 Dungeon Crawl Stone Soup version 0.27-a0-1319-geec4fb4e21 (webtiles) character file.

Game seed: 16865569758432818913

2 flotson the Sneak (level 1, -5/18 HPs)
             Began as a Demonspawn Delver on June 22, 2021.
             Slain by an orc (9 damage)
             ... on level 5 of the Dungeon.
             The game lasted 00:00:19 (68 turns).

flotson the Sneak (Demonspawn Delver)                 Turns: 68, Time: 00:00:19

Health: -5/18      AC:  3    Str: 12    XL:     1   Next: 25%
Magic:  1/1        EV: 11    Int: 11    God:
Gold:   0          SH:  0    Dex: 14    Spells: 0/0 levels left

rFire    . . .     SeeInvis .   a - +0 hand axe
rCold    . . .     Faith    .   (no shield)
rNeg     . . .     Spirit   .   b - +0 leather armour
rPois    .         Reflect  .   (no helmet)
rElec    .         Harm     .   (no cloak)
rCorr    .         Rampage  .   (no gloves)
Will     .....                  (no boots)
Stlth    ++........             (no amulet)
HPRegen  0.06/turn              (no ring)
MPRegen  0.07/turn              (no ring)

@: hasted, very quick
A: no striking features
a: no special abilities


You were on level 5 of the Dungeon.
You visited 1 branch of the dungeon, and saw 1 of its levels.

Inventory:

Hand Weapons
 a - a +0 hand axe (weapon)
Armour
 b - a +0 leather armour (worn)
Wands
 g - a wand of digging (3)
Scrolls
 c - a scroll of fog
 d - a scroll of magic mapping
 e - a scroll of fear


   Skills:
 + Level 3.0 Fighting
 + Level 1.8 Axes
 + Level 0.1 Armour
 + Level 1.8 Dodging
 - Level 4.5 Stealth


You couldn't memorise any spells.
You didn't know any spells.
Your spell library was empty.

Dungeon Overview and Level Annotations

Branches:
Dungeon (5/15)
 Temple: D:4-7

Altars:


Message History

Options error: Full pregeneration is not allowed on this build of crawl. (~/.crawlrc:90) Welcome, flotson the Demonspawn Delver.
Will you be the one to retrieve the awesome Orb of Zot from the depths?
Press ? for a list of commands and other information.
Found a stone staircase leading down and a stone staircase leading up.
An iguana comes into view.
(D) Dungeon
Where to? (? - help)
Found a scroll labelled SAQAURPHOPERGH.
An orc wizard comes into view. It is wielding a +0 dagger.
An orc comes into view. It is wielding a +0 club.
The orc shouts!
You hear a shout! x3
You hit the orc.
The orc is heavily wounded.
The orc hits you with a +0 club.
You hit the orc.
You kill the orc!
Things that are here:
a +0 club; an orc corpse You start resting.
An orc comes into view. It is wielding a +0 war axe.
You closely miss the orc. The orc misses you.
You closely miss the orc. The orc hits you but does no damage.
You hit the orc.
The orc is severely wounded.
The orc hits you with a +0 war axe!
Ouch! That really hurt!
* * * LOW HITPOINT WARNING * * *
You feel yourself speed up. The orc barely misses you.
You hit the orc.
The orc is almost dead.
The orc hits you with a +0 war axe!
Ouch! That really hurt!
You die...

...... ..... .... #..# ...
#######.## .........#
########o.# # .......@#.#
## #.#############.#.##
..# ...........#
#.#..##.#.##
...........####.#........#
.l..............##.##.#..#
............######....#
#.######........###.#<#
#........# #..o#
#........# #...#


You could see an orc.

Vanquished Creatures
  An orc (D:5)
1 creature vanquished.

Notes
Turn   | Place    | Note
-------+----------+-------------------------------------------
     0 | D:5      | flotson the Demonspawn Delver began the quest for the Orb.
     0 | D:5      | Reached XP level 1. HP: 18/18 MP: 1/1
    27 | D:5      | Noticed an iguana
    38 | D:5      | Noticed an orc wizard
    68 | D:5      | Slain by an orc

Illustrated notes

Levels and vault maps discovered:
D:5:      layout_basic, serial_shops, nicolae_inconvenience_store

Action                   || total
-------------------------++-------
Melee: Hand axe          ||     6
  Use: Potion            ||     1
Armor: Leather armour    ||     1
Dodge: Dodged            ||     2

Table legend: (Time is in decaauts)
 A = Elapsed time spent in this place.
 B = Non-inter-level travel time spent in this place.
 C = Inter-level travel time spent in this place.
 D = Time resting spent in this place.
 E = Time spent auto-exploring this place.
 F = Levels seen in this place.
 G = Mean time per level.
                   A        B        C        D        E       F      G
               +--------+--------+--------+--------+--------+-----+--------+
         Total |     69 |     64 |      5 |      8 |     27 |   1 |   69.0 |
       Dungeon |     69 |     64 |      5 |      8 |     27 |   1 |   69.0 |
               +--------+--------+--------+--------+--------+-----+--------+

Top non-repeatable levels by time:
     D:5: 69 daAuts
